Unix NetHack Version 3.7.0-90 Work-in-progress - last build Dec 4 2023 15:25:40 (a4ad6ea61a8c493010e15c9251bbb19a34919cb7,branch:master). Game began 2023-12-05 03:02:29, ended 2023-12-05 03:20:59. elenmirie, neutral female human Priestess --- --.- --%.. ----..%. ----- --....... .@a.----..--- ---..||... |..||.- -.||.| |.--.| |....| --..| |...| --.-- Elenmirie the Adept St:12 Dx:12 Co:15 In:7 Wi:18 Ch:14 Neutral Dlvl:9 $:199 HP:0(52) Pw:120(120) AC:5 Xp:7/687 T:3451 Latest messages: The gnome lord starts to attack you, but pulls back. You finish your prayer. You feel that Crom is well-pleased. You feel much better. You kill the gnome lord! Welcome to experience level 7. The gnome king just misses! You hit the gnome king! You hit the gnome king! The gnome king just misses! You kill the gnome! You kill the gnome king! You see here an uncursed gnome king corpse. There is an uncursed gnome lord corpse here; eat it? [ynq] (n) y This gnome lord corpse is gamey. You hear an E note squeak in the distance. You finish eating the gnome lord corpse. The fire ant bites! The fire ant bites again! You avoid harm. You hit the fire ant! The fire ant bites! The fire ant bites again! You avoid harm. The fire ant bites! The fire ant bites again! You're on fire! You hit the fire ant! The fire ant bites! The fire ant bites again! You're on fire! Your scroll labeled KERNOD WEL catches fire and burns! Your scroll labeled PRIRUTSENIE catches fire and burns! Your scroll labeled PRATYAVAYAH catches fire and burns! The fire ant bites! The fire ant bites again! You avoid harm. You miss the fire ant. The fire ant bites! The fire ant bites again! You're on fire! Some of your potions of holy water boil and explode! Your purple-red potion boils and explodes! You feel rather tired. You die... Do you want your possessions identified? [ynq] (y) y Do you want to see your attributes? [ynq] (y) y Do you want an account of creatures vanquished? [ynaq] (y) y Do you want to see your conduct and achievements? [ynq] (y) y Do you want to see the dungeon overview? [ynq] (y) y Inventory: Coins $ - 199 gold pieces Weapons j - 32 uncursed +0 darts (at the ready) r - an uncursed +0 dagger a - a blessed +1 mace (weapon in right hand) Armor l - an uncursed +0 orcish helm (being worn) u - an uncursed +0 orcish helm s - an uncursed +0 pair of low boots (being worn) c - an uncursed +0 small shield (being worn) J - an uncursed burnt +0 alchemy smock with text "Don't res? with the cref" b - an uncursed +0 robe (being worn) Comestibles F - 2 uncursed holy molies o - a cursed holy moly p - an uncursed clove of garlic t - 4 uncursed food rations f - an uncursed sprig of wolfsbane Scrolls v - a cursed scroll of blank paper A - an uncursed scroll of confuse monster i - an uncursed scroll of destroy armor n - an uncursed scroll of earth z - an uncursed scroll of enchant armor k - an uncursed scroll of enchant weapon y - 2 uncursed scrolls of identify x - an uncursed scroll of punishment Spellbooks m - an uncursed spellbook of cure sickness g - an uncursed spellbook of healing h - an uncursed spellbook of identify Potions w - an uncursed potion of extra healing I - an uncursed potion of oil M - an uncursed potion of restore ability d - 3 potions of holy water Wands B - an uncursed wand of digging (0:6) D - an uncursed wand of digging (0:6) C - an uncursed wand of sleep (0:4) E - an uncursed wand of striking (0:4) Tools e - an uncursed lock pick Elenmirie the Priestess's attributes: Background: You were an Adept, a level 7 human Priestess. You were neutral, on a mission for Crom who was opposed by Mitra (lawful) and Set (chaotic). You were right-handed. You were in the Gnomish Mines, on level 9. You entered the dungeon 3451 turns ago. It was nighttime. You had 687 experience points, 593 more were needed to attain level 8. Basics: You had 0 out of 52 hit points. You had all 120 energy points (spell power). Your armor class was 5. Your wallet contained 199 zorkmids. Autopickup was on for '$' plus thrown. Final Characteristics: Your strength was 12 (limit:18/100). Your dexterity was 12 (limit:18). Your constitution was 15 (limit:18). Your intelligence was 7 (limit:18). Your wisdom was 18 (limit:18). Your charisma was 14 (limit:18). Final Status: You weren't hungry. You were unencumbered. You were wielding a mace. You were skilled in mace. Final Attributes: You were piously aligned. You were telepathic. You were guarded. You are dead. Miscellaneous: You never encountered a bones level. Total elapsed playing time was 18 minutes and 29 seconds. Major events: Turn 1: elenmirie the neutral human Priestess entered the dungeon 939: attained the rank of Acolyte (level 3) 2179: attained the rank of Adept (level 6) 3151: entered the Gnomish Mines 3451: killed by a boiling potion, while sleeping off a magical draught Vanquished creatures: a dwarf ruler a leprechaun 2 gnome rulers a housecat 7 bugbears a water nymph an orc shaman a rock piercer a rock mole 3 gnome leaders a ghoul a little dog a floating eye a kitten 3 dwarves 2 homunculi a kobold leader a kobold shaman 4 hill orcs 2 rothes 2 iguanas an acid blob a coyote 4 hobbits 2 manes a large kobold 15 hobgoblins a giant rat a red mold 13 gnomes 2 garter snakes 2 geckos 3 jackals a fox 5 goblins a sewer rat 3 bats 2 lichens a kobold zombie 4 newts 101 creatures vanquished. No species were genocided or became extinct. Voluntary challenges: You read items or engraved 2 times. You never engraved Elbereth. You never genocided any monsters. You never polymorphed an object. You never changed form. You used no wishes. Achievements: You attained the rank of Acolyte. You attained the rank of Adept. You entered the Gnomish Mines. The Dungeons of Doom: levels 1 to 5 Level 1: A fountain. Level 2: Level 3: An altar. Stairs down to The Gnomish Mines. Level 4: Level 5: An altar. The Gnomish Mines: levels 4 to 9 Level 4: Level 5: Level 9: <- You were here. Final resting place for you, killed by a boiling potion, while sleeping off a magical draught. Game over: ---------- / \ / REST \ / IN \ / PEACE \ / \ | elenmirie | | 199 Au | | killed by a | | boiling potion | | | | | | 2023 | *| * * * | * _________)/\\_//(\/(/\)/\//\/|_)_______ Goodbye elenmirie the Priestess... You died in The Gnomish Mines on dungeon level 9 with 3348 points, and 199 pieces of gold, after 3451 moves. You were level 7 with a maximum of 52 hit points when you died.